 Dungeon Crawl Stone Soup version 0.17-a0-1719-g1afd5a1 (webtiles) character file.

557 kae the Cudgeler (level 7, -7/52 HPs)
             Began as a Demonspawn Fighter on Aug 28, 2015.
             Mangled by an orc warrior
             ... wielding a +0 long sword
              (18 damage)
             ... on level 4 of the Dungeon.
             The game lasted 00:07:22 (6302 turns).

kae the Cudgeler (Demonspawn Fighter)               Turns: 6302, Time: 00:07:22

Health: -7/52      AC:  7    Str: 23    XL:     7   Next: 9%
Magic:  16/16      EV: 10    Int:  9    God:
Gold:   214        SH:  9    Dex: 13    Spells: 0 memorised, 6 levels left

rFire  . . .     SeeInvis .     a - +1 flail
rCold  . . .     Clarity  .     i - +0 ring mail (curse)
rNeg   . . .     SustAt   .     c - +0 shield
rPois  .         Gourm    .     (no helmet)
rElec  .         Spirit   .     (no cloak)
rCorr  .         Warding  .     k - +1 pair of gloves
rMut   .         Stasis   .     (no boots)
MR     .....                    (no amulet)
Stlth  +.........               h - ring of wizardry
                                e - ring of magical power

@: mighty, not resistant to hostile enchantments, very unstealthy
A: talons 1, repulsion field 1, powered by pain 2
a: no special abilities


You were on level 4 of the Dungeon.
You were not hungry.

You visited 2 branches of the dungeon, and saw 6 of its levels.

You collected 214 gold pieces.

Inventory:

Hand weapons
 a - a +1 flail (weapon)
Armour
 c - a +0 shield (worn)
 i - a cursed +0 ring mail (worn)
 k - a +1 pair of gloves (worn)
Jewellery
 e - a ring of magical power (left hand)
 h - a ring of wizardry (right hand)
Scrolls
 f - a scroll of magic mapping {unknown}
 l - a scroll of teleportation
 r - 2 scrolls of amnesia
 w - a scroll of remove curse
 y - 2 scrolls of identify {unknown}
 z - a scroll of random uselessness {unknown}
Potions
 b - 2 potions of cancellation {unknown}
 j - 3 potions of flight
 n - a potion of degeneration {unknown}
 o - 2 potions of magic {unknown}
 q - 2 potions of poison {unknown}
 t - a potion of curing {unknown}
 v - a potion of mutation {unknown}
 A - a potion of brilliance {unknown}
Books
 u - a book of the Dragon

   Spells                             Type                      Level
   a - Flame Tongue                   Conjuration/Fire             1
   b - Cause Fear                     Hexes                        4
   c - Bolt of Fire                   Conjuration/Fire             6
   d - Dragon Form                    Transmutation                7
   e - Dragon's Call                  Summoning                    9
Comestibles
 g - 3 meat rations
 m - 4 bread rations
 p - a beef jerky
 x - a slice of pizza


   Skills:
 - Level 3.0 Fighting
 + Level 7.1 Maces & Flails
 - Level 2.6 Armour
 - Level 2.6 Shields


You had 6 spell levels left.
You didn't know any spells.

Dungeon Overview and Level Annotations

Branches:
Dungeon (5/15)             Temple (1/1) D:4

Altars:
Ashenzari
Fedhas
Gozag
Kikubaaqudgha
Makhleb
Okawaru
Ru
Sif Muna
Xom
Zin
The Shining One


Innate Abilities, Weirdness & Mutations

You have sharp toenails.
You are surrounded by a mild repulsion field (EV +2).
You sometimes gain power by taking damage.


Message History

You barely miss the orc warrior. Your kick misses the orc warrior.
You block the orc warrior's attack.
Drink which item? (? for menu, Esc to quit)
You feel mightier all of a sudden. You block the orc warrior's attack.
You closely miss the orc warrior. Your kick misses the orc warrior.
You block the orc warrior's attack.
Your shield and ring mail prevent you from hitting the orc warrior.
You claw the orc warrior!
The orc warrior is moderately wounded.
You sock the orc warrior!
You claw the orc warrior, but do no damage.
The orc warrior is heavily wounded.
The orc warrior hits you with a long sword!
* * * LOW HITPOINT WARNING * * *
You sock the orc warrior!
You claw the orc warrior, but do no damage.
The orc warrior is severely wounded.
The orc warrior hits you with a long sword!!
You die...

####'#.....###########......#
.....#.....# #).....#
.....#.....# #......#
.....#.....# #......#
.....#.....## #......#
............# #......#
....#...#...# #......#
#...#.⌠.#...#################
..###...###...#.@.....#
..............#.o.....#
...⌠..>..⌠....#.......#
..............'.[.....#
..###...###.+##[......##########
+...#.⌠.#......................#
....#...#...................##.#
.................######.######.#
.........+.......#...........#.#


You could see an orc warrior.

Vanquished Creatures
  A centaur zombie (D:4)
  An orc priest (D:3)
  A giant frog skeleton (D:4)
  2 hounds (D:4)
  An iguana (D:3)
  6 orc wizards
  A worker ant (D:5)
  A hound skeleton (D:4)
  Robin (D:4)
  6 adders
  An adder skeleton (D:4)
  3 worms
  2 giant geckos
  10 orcs
  A ball python (D:1)
  4 bats
  8 giant cockroaches
  18 goblins
  16 hobgoblins
  4 giant newts
  9 jackals
  A jackal skeleton (D:4)
  8 kobolds
  4 rats
110 creatures vanquished.

Notes
Turn   | Place    | Note
--------------------------------------------------------------
     0 | D:1      | kae the Demonspawn Fighter began the quest for the Orb.
     0 | D:1      | Reached XP level 1. HP: 18/18 MP: 1/1
   180 | D:1      | Gained mutation: You sometimes gain a little power by taking damage. [demonic ancestry]
   180 | D:1      | Reached XP level 2. HP: 17/24 MP: 2/2
  1100 | D:1      | Reached XP level 3. HP: 8/29 MP: 3/3
  2094 | D:2      | Reached skill level 4 in Maces & Flails
  2094 | D:2      | Gained mutation: You have sharp toenails. [demonic ancestry]
  2094 | D:2      | Reached XP level 4. HP: 27/35 MP: 4/4
  2737 | D:3      | Gained mutation: You are surrounded by a mild repulsion field (EV +2). [demonic ancestry]
  2737 | D:3      | Reached XP level 5. HP: 9/41 MP: 5/5
  3588 | D:2      | Reached skill level 5 in Maces & Flails
  4252 | D:4      | Reached XP level 6. HP: 47/47 MP: 6/6
  4268 | D:4      | Got a pitted leather armour
  4279 | D:4      | Identified the +3 leather armour of Vlad {+Inv rN+ Dex-4} (You found it on level 4 of the Dungeon)
  4422 | D:4      | Noticed Robin
  4448 | D:4      | Reached skill level 6 in Maces & Flails
  4464 | D:4      | Killed Robin
  4793 | D:4      | Found a staircase to the Ecumenical Temple.
  4798 | D:4      | Found a deep blue altar of Sif Muna.
  4807 | D:4      | Found a sacrificial altar of Ru.
  4839 | Temple   | Entered the Ecumenical Temple
  5526 | D:5      | Entered Level 5 of the Dungeon
  5792 | D:5      | HP: 2/47 [phantom (3)]
  6049 | D:4      | Reached skill level 7 in Maces & Flails
  6049 | D:4      | Gained mutation: You sometimes gain power by taking damage. [demonic ancestry]
  6049 | D:4      | Reached XP level 7. HP: 17/52 MP: 7/7
  6302 | D:4      | Mangled by an orc warrior

Vault maps used:
D:1:      lemuel_arrival_river_ford, minmay_box_of_dots
D:2:      first_bread, lemuel_another_geyser
D:4:      kennysheep_goblin_castle, overflow_temple_1_default,
          minmay_temple_entry_junction2, nicolae_ru_sacrificial_ziggurat
D:5:      minivault_25
Temple:   chambers_temple_10

Action                   |  1- 3 |  4- 6 |  7- 9 || total
-------------------------+-------+-------+-------++-------
Melee: Flail             |   178 |   259 |    16 ||   453
  Use: Scroll            |       |     8 |       ||     8
       Potion            |       |     2 |     1 ||     3
  Eat: Chunk             |     2 |    11 |     1 ||    14
       Bread ration      |     1 |       |       ||     1
